 Dungeon Crawl Stone Soup version 0.29.0-13-gc9e81de378 (webtiles) character file.

Game seed: 556474920988853387

513 enile the Caller (level 7, -1/37 HPs)
             Began as a Vine Stalker Summoner on Sept 8, 2022.
             Was a Believer of Nemelex Xobeh.
             Slain by Grinder (4 damage)
             ... on level 4 of the Dungeon.
             The game lasted 00:07:37 (4342 turns).

enile the Caller (Vine Stalker Summoner)            Turns: 4342, Time: 00:07:38

Health: -1/37      AC:  2    Str: 10    XL:     7   Next: 19%
Magic:  0/12       EV: 12    Int: 17    God:    Nemelex Xobeh [**....]
Gold:   240        SH:  0    Dex: 15    Spells: 0/12 levels left

rFire   . . .      SeeInvis +   s - +3 quarterstaff (chaos)
rCold   . . .      Faith    .   (shield currently unavailable)
rNeg    . . .      Spirit   +   a - +0 robe
rPois   .          Reflect  .   (no helmet)
rElec   .          Harm     .   (no cloak)
rCorr   .          Rampage  .   (no gloves)
Will    .....                   (no boots)
Stlth   ++........              (no amulet)
HPRegen 0.92/turn               i - ring of wizardry
MPRegen 0.13/turn               u - ring of see invisible

@: no status effects
A: fangs 2, regeneration 1, magic shield, antimagic bite, no potion heal 2
a: Renounce Religion, Draw Escape, Draw Destruction, Draw Summoning


You were on level 4 of the Dungeon.
You worshipped Nemelex Xobeh.
Nemelex Xobeh was pleased with you.
You visited 1 branch of the dungeon, and saw 4 of its levels.

You collected 240 gold pieces.

Inventory:

Hand Weapons
 c - a +0 dagger
 s - a +3 quarterstaff of chaos (weapon)
Armour
 a - a +0 robe (worn)
Jewellery
 i - a ring of wizardry (left hand)
 u - a ring of see invisible (right hand)
Scrolls
 f - 2 scrolls of fear {unknown}
 g - a scroll of butterflies {unknown}
 j - a scroll of noise {unknown}
 k - 2 scrolls of teleportation {unknown}
 l - 2 scrolls of identify {unknown}
 m - a scroll of immolation {unknown}
 r - a scroll of poison {unknown}
 t - a scroll of blinking {unknown}
Potions
 b - a potion of magic
 d - a potion of berserk rage {unknown}
 e - a potion of degeneration {unknown}
 h - 3 potions of heal wounds
 n - a potion of might {unknown}
 o - a potion of flight {unknown}
 p - 3 potions of ambrosia {unknown}
 q - 2 potions of curing {unknown}


   Skills:
 - Level 4.0 Fighting
 - Level 2.0 Short Blades
 - Level 1.0 Staves
 - Level 2.0 Dodging
 - Level 3.0 Stealth
 + Level 3.3 Spellcasting
 - Level 5.0 Summonings
 - Level 2.0 Ice Magic


You couldn't memorise any spells.
You knew the following spells:

 Your Spells              Type           Power      Damage    Failure   Level
a - Ozocubu's Armour      Ice            9%         N/A       9%          3
b - Call Imp              Summ           19%        N/A       1%          2
c - Call Canine Familiar  Summ           19%        N/A       2%          3
d - Summon Small Mammal   Summ           76%        N/A       1%          1
e - Mephitic Cloud        Conj/Pois/Air  2%         N/A       21%         3

Your spell library contained the following spells:

 Spells                   Type           Power      Damage    Failure   Level
 Magic Dart               Conj           8%         1d3       7%          1
 Sting                    Tmut/Pois      8%         1d3       7%          1
 Summon Guardian Golem    Hex/Summ       11%        N/A       8%          3
 Poisonous Vapours        Pois/Air       4%         N/A       11%         2
 Summon Lightning Spire   Summ/Air       11%        N/A       24%         4
 Corpse Rot               Necr/Pois/Air  2%         N/A       52%         4
 Dispel Undead            Necr           2%         3d7       52%         4
 Olgreb's Toxic Radiance  Pois           2%         N/A       52%         4
 Metabolic Englaciation   Hex/Ice        3%         N/A       75%         5
 Simulacrum               Ice/Necr       3%         N/A       99%         6
 Death Channel            Necr           1%         N/A       100%        6


Dungeon Overview and Level Annotations

Branches:
Dungeon (4/15)
 Temple: D:4-7

Altars:
Nemelex Xobeh

Annotations:
D:1 1 transporter
D:4 Grinder


Innate Abilities, Weirdness & Mutations

You have extremely sharp teeth.
Your natural rate of healing is unusually fast.
When hurt, damage is shared between your health and your magic reserves.
Your bite disrupts and absorbs the magic of your enemies.
Potions cannot restore your health.


Message History

The ogre hits your white imp with a +0 giant spiked club!!
Your white imp dies!
Your white imp disappears in a puff of smoke!
Your hound completely misses the ogre.
Grinder misses you.
Your hound bites the ogre.
Grinder gestures at you.
You suddenly lose the ability to move!
Grinder gestures at you. Pain shoots through your body!
* * * LOW HITPOINT WARNING * * *
Your hound barely misses Grinder.
Grinder gestures at you. You resist with significant effort.
Your hound barely misses Grinder.
Your hound barely misses Grinder.
Something barely misses your hound. Grinder gestures at you.
You resist with some effort.
Your hound bites Grinder.
You can move again.
There is an escape hatch in the floor here.
Unknown command.
Okay, then.
Okay, then.
You aren't carrying any items that you can evoke.
Okay, then.
Casting: Call Imp (safe; 1% risk of failure)
Confirm with . or Enter, or press ? or * to list all spells.
You don't have enough magic to cast this spell.
Unknown command.
Okay, then.
You draw a card...
You have drawn Velocity.
Nothing appears to happen.
Your hound bites Grinder.
Grinder hits you!
* * * LOW HITPOINT WARNING * * *
You writhe in agony.
* * * LOW HITPOINT WARNING * * *
Something hits your hound!!
Your hound dies!
Your hound's corpse disappears in a puff of smoke!
It was a potion of heal wounds.
That seemed strangely inert.
Grinder hits you.
You die...
Your body disappears without a glow.

####
#################### ...
#.5@................
#.###.##################
#h....# ##########
#.##### ......(..# ...
########.# #.## #.# #.
########.#### #
#...........# #.
#.#######.#.#


You could see Grinder.

Vanquished Creatures
  A scorpion (D:4)
  Crazy Yiuf (D:3)
  An iguana (D:4)
  2 orc wizards (D:3)
  A gnoll (D:1)
  2 adders
  2 worms
  4 ball pythons
  12 bats
  2 bat skeletons (D:3)
  3 endoplasms
  5 giant cockroaches
  A goblin (D:3)
  A hobgoblin (D:2)
  3 jackals (D:1)
  3 quokkas
  3 frilled lizards
  6 kobolds
  4 rats
57 creatures vanquished.

Vanquished Creatures (collateral kills)
  A vampire bat (D:3)
  Terence (D:3)
  An orc wizard (D:3)
  6 gnolls (D:2)
  3 adders
  3 fire bats (D:3)
  2 orcs (D:3)
  2 spectral bats (D:3)
  A bat skeleton (D:3)
  A bat zombie (D:3)
  An endoplasm (D:2)
  4 hobgoblins
  5 bats
  A bat simulacrum (D:3)
  2 rats (D:2)
34 creatures vanquished.

Grand Total: 91 creatures vanquished

Notes
Turn   | Place    | Note
-------+----------+-------------------------------------------
     0 | D:1      | enile the Vine Stalker Summoner began the quest for the
                  | Orb.
     0 | D:1      | Reached XP level 1. HP: 9/9 MP: 4/4
    96 | D:1      | Reached skill level 1 in Fighting
   118 | D:1      | Reached XP level 2. HP: 13/14 MP: 3/6
   249 | D:1      | Found a faded altar of an unknown god.
   670 | D:1      | Prayed at the altar of an unknown god.
   670 | D:1      | Became a worshipper of Nemelex Xobeh the Trickster
   670 | D:1      | Reached * piety under Nemelex Xobeh
   962 | D:2      | Received a gift from Nemelex Xobeh
   966 | D:2      | Learned a level 2 spell: Call Imp
  1092 | D:2      | Reached XP level 3. HP: 18/18 MP: 2/7
  1279 | D:2      | Gained mutation: Your natural rate of healing is unusually
                  | fast. [Vine Stalker growth]
  1279 | D:2      | Reached XP level 4. HP: 11/23 MP: 3/9
  1469 | D:1      | Reached skill level 1 in Ice Magic
  1730 | D:1      | Learned a level 3 spell: Call Canine Familiar
  1795 | D:2      | Reached XP level 5. HP: 12/26 MP: 2/10
  2508 | D:3      | Reached skill level 5 in Summonings
  2586 | D:3      | Learned a level 3 spell: Ozocubu's Armour
  2725 | D:3      | Reached ** piety under Nemelex Xobeh
  2763 | D:3      | Received a gift from Nemelex Xobeh
  2940 | D:3      | Reached XP level 6. HP: 32/32 MP: 9/11
  3452 | D:3      | Found a runed translucent door.
  3453 | D:3      | Noticed Crazy Yiuf
  3536 | D:3      | Noticed Terence
  3557 | D:3      | Killed Terence
  3558 | D:3      | Reached skill level 1 in Short Blades
  3800 | D:3      | Killed Crazy Yiuf
  3970 | D:4      | Reached skill level 1 in Staves
  3970 | D:4      | Reached XP level 7. HP: 35/37 MP: 6/12
  4021 | D:4      | Learned a level 3 spell: Mephitic Cloud
  4321 | D:4      | Noticed Grinder
  4323 | D:4      | Paralysed by Grinder for 5 turns
  4330 | D:4      | Paralysed by Grinder for 3 turns
  4336 | D:4      | Paralysed by Grinder for 5 turns
  4342 | D:4      | Slain by Grinder

Illustrated notes

Levels and vault maps discovered:
D:1:      spicycebolla_arrival_risky_transporter, layout_rooms,
          shapermc_ecumenical_altar_mp_urbaneastern,
          chequers_serial_rivers_micro_a, minmay_misc_feat_x
D:2:      layout_rooms, nicolae_concentric_dashed_squares_wild
D:3:      layout_loops_ring, serial_bayou_ford_a, goddamned_bats,
          uniq_crazy_yiuf_cottage, uniq_terence
D:4:      layout_loops_ring, minmay_temple_entry_purple_smoke, uniq_pikel,
          uniq_grinder

Skill      XL: |  1  2  3  4  5  6 |
---------------+-------------------+-----
Fighting       | 1 2 4 |  4.0
Stealth        | 3 |  3.0
Dodging        | 2 |  2.0
Spellcasting   | 3 |  3.3
Ice Magic      | 2 |  2.0
Summonings     | 5 |  5.0
Short Blades   | 2 |  2.0
Staves         | 1 |  1.0

Action                   |  1- 3 |  4- 6 |  7- 9 || total
-------------------------+-------+-------+-------++-------
Melee: Unarmed           |    14 |       |       ||    14
       Bite              |    13 |    39 |     1 ||    53
       Dagger            |    51 |   154 |       ||   205
       Punch             |       |     2 |       ||     2
       Quarterstaff      |       |     7 |     7 ||    14
 Cast: Summon Small Mamm |    22 |    14 |       ||    36
       Call Imp          |     7 |    22 |     1 ||    30
       Call Canine Famil |       |    25 |     2 ||    27
       Ozocubu's Armour  |       |     4 |       ||     4
Invok: Draw Escape       |       |       |     1 ||     1
  Use: Potion            |       |       |     1 ||     1
 Stab: Sleeping          |     1 |     5 |     1 ||     7
       Distracted        |       |     1 |       ||     1
Armor: Robe              |    19 |    78 |     1 ||    98
Dodge: Dodged            |    59 |   171 |     8 ||   238
